 Dungeon Crawl Stone Soup version 0.30-a0-170-g85af917532 (webtiles) character file.

Game seed: 6856267925998057388

287 qw the Chopper (level 6, -8/39 HPs)
             Began as a Gargoyle Fighter on Sept 30, 2022.
             Killed by divine providence
             ... invoked by an orc priest
              (13 damage)
             ... on level 6 of the Dungeon.
             The game lasted 00:00:39 (2610 turns).

qw the Chopper (Gargoyle Fighter)                   Turns: 2610, Time: 00:00:40

Health: -8/39      AC: 18    Str: 22    XL:     6   Next: 30%
Magic:  6/6        EV:  6    Int:  8    God:
Gold:   115        SH:  4    Dex:  9    Spells: 5/5 levels left

rFire   . . .      SeeInvis .    Y - +0 war axe
rCold   . . .      Faith    .    c - +0 buckler
rNeg    + . .      Spirit   .    e - +0 plate armour
rPois   inf        Reflect  .    h - +0 helmet
rElec   +          Harm     .    (no cloak)
rCorr   .          Rampage  .    (no gloves)
Will    .....                    f - +0 pair of boots
Stlth   ..........               (no amulet)
HPRegen 0.13/turn                (no ring)
MPRegen 0.10/turn                (no ring)

@: no status effects
A: sickness immunity, AC +4, negative energy resistance 1, electricity
resistance, torment resistance 1, petrification resistance
a: no special abilities


You were on level 6 of the Dungeon.
You visited 1 branch of the dungeon, and saw 4 of its levels.

You collected 115 gold pieces.


Innate Abilities, Weirdness & Mutations

You are immune to sickness and miasma.
Your stone body is resilient. (AC +4)
You are immune to poison.
You resist negative energy. (rN+)
You are resistant to electric shocks. (rElec)
You are resistant to unholy torment.
You are immune to petrification.


   Skills:
 - Level 4.5 Fighting
 + Level 5.2 Axes
 - Level 3.2 Armour
 - Level 3.2 Shields


You had 5 spell levels left.
You didn't know any spells.
Your spell library was empty.

Inventory:

Hand Weapons
 b - a +0 whip
 Y - a +0 war axe (weapon)
Armour
 c - a +0 buckler (worn)
 e - a +0 plate armour (worn)
 f - a +0 pair of boots (worn)
 h - a +0 helmet (worn)
Scrolls
 a - a scroll of identify
 k - a scroll of enchant weapon {unknown}
 m - a scroll of teleportation {unknown}
Potions
 d - a potion of might
 g - a potion of brilliance {unknown}
 i - a potion of mutation
 j - a potion of attraction
 l - a potion of curing {unknown}

Dungeon Overview and Level Annotations

Branches:
Dungeon (3/15)

Altars:

Shops:
D:1 !

Annotations:
D:3 2 transporters, qw's ghost, amateur GrFi


Message History

2599 ||| Stepping ~*~*~tactically~*~*~ (stealth).
An orc priest comes into view. It is wielding a +0 mace.
The orc shouts!
The orc priest shouts!
You hit the orc but do no damage. The orc hits you but does no damage.
You completely miss the orc.
The orc priest calls down the wrath of Beogh upon you.
Beogh smites you! The orc hits you but does no damage.
You closely miss the orc. You block the orc's attack.
You slash the orc!
You kill the orc!
The orc hits you but does no damage. The orc barely misses you.
The orc priest hits you but does no damage.
The orc hits you with a +0 trident.
You slash the orc priest!
The orc priest is heavily wounded.
You hit the orc but do no damage. You block the orc priest's attack.
The orc hits you but does no damage.
You closely miss the orc priest.
The orc priest is heavily wounded.
You hit the orc.
The orc priest hits you but does no damage.
The orc closely misses you.
You barely miss the orc priest.
The orc priest is heavily wounded.
You hit the orc.
The orc priest invokes the aid of Beogh against you.
Beogh smites you! The orc closely misses you.
You barely miss the orc.
The orc is almost dead.
You barely miss the orc priest. You block the orc priest's attack.
The orc hits you but does no damage. x2
The orc priest hits you but does no damage.
You barely miss the orc.
The orc is almost dead.
You barely miss the orc priest.
The orc priest invokes the aid of Beogh against you.
Beogh smites you!
You die...

#####.......#
............######......
..............#.........
.........!....#.........
.......?......#........#
........................
#.......................
#......o................
........@).......##
......#o..........#...
......###.............#
......###..............
........................
..###........#####......
o.......................
.......................
......................


You could see an orc priest and an orc.

Vanquished Creatures
  2 ice beasts (D:6)
  A scorpion (D:3)
  2 adders
  A dart slug (D:2)
  An orc (D:6)
  2 ball pythons
  2 endoplasms
  A giant cockroach (D:3)
  3 goblins
  3 hobgoblins
  A quokka (D:1)
  2 bats (D:1)
  2 frilled lizards (D:1)
  3 kobolds
  4 rats
30 creatures vanquished.

Vanquished Creatures (others)
  2 plants (D:1)
2 creatures vanquished.

Grand Total: 32 creatures vanquished

Notes
Turn   | Place    | Note
-------+----------+-------------------------------------------
     0 | D:1      | qw the Gargoyle Fighter began the quest for the Orb.
     0 | D:1      | Reached XP level 1. HP: 14/14 MP: 1/1
     0 | D:1      | 0 ||| qw: Version: 0.2-a-12-gaebbb33
     0 | D:1      | 0 ||| qw: Game counter: 1542
     0 | D:1      | 0 ||| qw: Always use a shield: true
     0 | D:1      | 0 ||| qw: God list: Okawaru
     0 | D:1      | 0 ||| qw: Allow faded altars: false
     0 | D:1      | 0 ||| qw: Do Orc after D:15 true
     0 | D:1      | 0 ||| qw: Do second Lair branch before Depths: true
     0 | D:1      | 0 ||| qw: Lair rune preference: random
     0 | D:1      | 0 ||| qw: Plans: Normal, Zot:1-4, God:TSO, Crypt, Tomb,
                  | Pan, Slime:5, Hells, Abyss, Orb
     0 | D:1      | 0 ||| PLANNING D:1-11
   192 | D:1      | Reached skill level 2 in Axes
   234 | D:1      | Found Zethoa Gomm's Distillery.
   243 | D:1      | 243 ||| SHOPLISTING potion of curing (33 gold, have 14).
   243 | D:1      | 243 ||| SHOPLISTING potion of heal wounds (55 gold, have
                  | 14).
   243 | D:1      | 243 ||| SHOPLISTING potion of lignification (33 gold, have
                  | 14).
   243 | D:1      | 243 ||| SHOPLISTING potion of might (44 gold, have 14).
   406 | D:1      | Reached XP level 2. HP: 19/19 MP: 2/2
   850 | D:1      | 850 ||| UPGRADING to +0 plate armour.
   860 | D:1      | 860 ||| DROPPING +0 scale mail.
   861 | D:1      | 861 ||| UPGRADING to +0 helmet.
   866 | D:1      | 866 ||| READING scroll labelled BOFREF ONYHI.
   867 | D:1      | 867 ||| READING scroll labelled KYV RESIRCH.
   868 | D:1      | 868 ||| READING scroll labelled BESHRYZ URO.
   869 | D:1      | 869 ||| READING scroll labelled HUAPY GAIXZOLA.
   870 | D:1      | 870 ||| READING scroll labelled LIKA APLASCHUT.
   990 | D:2      | Reached skill level 3 in Axes
  1133 | D:2      | Reached XP level 3. HP: 19/23 MP: 3/3
  1158 | D:2      | 1158 ||| Stepping ~*~*~tactically~*~*~ (stealth).
  1169 | D:2      | 1169 ||| Stepping ~*~*~tactically~*~*~ (stealth).
  1273 | D:2      | 1273 ||| Stepping ~*~*~tactically~*~*~ (hiding).
  1822 | D:2      | 1822 ||| UPGRADING to +0 pair of boots.
  1827 | D:2      | 1827 ||| DROPPING ring of wizardry.
  1828 | D:2      | 1828 ||| READING scroll labelled SICZUQICYPE.
  1829 | D:2      | 1829 ||| READING 3 scrolls of identify.
  1829 | D:2      | 1829 ||| IDENTIFYING lumpy orange potion
  1830 | D:2      | 1830 ||| READING 2 scrolls of identify.
  1830 | D:2      | 1830 ||| IDENTIFYING cyan potion
  2067 | D:3      | Noticed a scorpion
  2080 | D:3      | Killed a scorpion
  2081 | D:3      | Reached skill level 4 in Axes
  2081 | D:3      | Reached XP level 4. HP: 25/28 MP: 4/4
  2126 | D:3      | Noticed qw's ghost (amateur GrFi)
  2137 | D:3      | Found a transporter.
  2156 | D:3      | Found a transporter.
  2263 | D:3      | You fall into a shaft and drop 3 floors!
  2269 | D:6      | Noticed an ice beast
  2276 | D:6      | HP: 4/28 [ice beast (14)]
  2284 | D:6      | Killed an ice beast
  2285 | D:6      | Reached skill level 5 in Axes
  2285 | D:6      | Reached XP level 5. HP: 6/32 MP: 5/5
  2558 | D:6      | Noticed an ice beast
  2567 | D:6      | 2567 ||| Stepping ~*~*~tactically~*~*~ (stealth).
  2571 | D:6      | 2571 ||| Stepping ~*~*~tactically~*~*~ (stealth).
  2577 | D:6      | Killed an ice beast
  2578 | D:6      | Reached XP level 6. HP: 30/39 MP: 6/6
  2599 | D:6      | 2599 ||| Stepping ~*~*~tactically~*~*~ (stealth).
  2608 | D:6      | HP: 5/39 [orc priest/divine providence (11)]
  2610 | D:6      | Killed from afar by an orc priest

Levels and vault maps discovered:
D:1:      dpeg_arrival_water_fire, layout_basic, serial_shops, shop,
          serial_bayou, serial_bayou_crossing, serial_bayou_pond_e,
          serial_bayou_shore_b, serial_bayou_shore_b
D:2:      layout_loops_ring, minivault_4
D:3:      layout_basic, gammafunk_ghost_stat_death
D:6:      kennysheep_six_static_rooms, layout_basic, nicolae_grassy_gnolls,
          uniq_duvessa

Skill      XL: |  1  2  3  4  5 |
---------------+----------------+-----
Axes           | 2 3 4 5 |  5.2
Fighting       | 4 |  4.5
Armour         | |  3.2
Shields        | |  3.2

Action                   |  1- 3 |  4- 6 || total
-------------------------+-------+-------++-------
Melee: War axe           |    69 |    42 ||   111
  Use: Scroll            |     8 |       ||     8
Armor: Scale mail        |     7 |       ||     7
       Plate armour      |    28 |    31 ||    59
Dodge: Dodged            |    19 |    14 ||    33
Block: Buckler           |    10 |    11 ||    21

Table legend:
 A = Non-vault XP
 B = Vault XP
 C = Vault XP percentage of total XP
 D = Non-vault monster count
 E = Vault monster count
 F = Vault count percentage of total count
                 A         B        C        D         E       F
            +---------+---------+-------+---------+---------+-------
      Total |     411 |       0 |   0.0 |      30 |       0 |   0.0
            +---------+---------+-------+---------+---------+-------
        D:1 |      17 |       0 |   0.0 |      13 |       0 |   0.0
        D:2 |      25 |       0 |   0.0 |       7 |       0 |   0.0
        D:3 |     103 |       0 |   0.0 |       7 |       0 |   0.0
        D:6 |     266 |       0 |   0.0 |       3 |       0 |   0.0
            +---------+---------+-------+---------+---------+-------
